Map: Prion Terraces

Players

LilDicky

  • Race: Terran Terran
  • League: Diamond

DJDickbutt - Winner!

  • Race: Zerg Zerg
  • League: Diamond

VOD

http://www.twitch.tv/tumescentpie

Description

Time

  • Played on: Nov. 22, 2015, 10:08 p.m.
  • Length: 7:34
Show
View Real Time Build Order
Export as new Build Order

LilDicky Terran 

Build Orders: Hellion Banshee 

Get SALT Encoding   

  12  0:01  SCV  
  13  0:13  SCV  
  14  0:20  Supply Depot  
  14  0:25  SCV  
  15  0:42  SCV  
  16  0:45  Barracks  
  16  0:50  Refinery  
  16  0:54  SCV  
  17  1:06  SCV  
  18  1:21  SCV  
  19  1:32  Refinery  
  19  1:33  Marine  
  19  1:36  Supply Depot, Orbital Command  
  20  1:53  Factory  
  20  2:05  SCV, Barracks Tech Lab  
  21  2:11  Supply Depot  
  21  2:18  SCV  
  22  2:24  Marauder  
  22  2:26  Stimpack  
  24  2:39  Factory Reactor  
  24  2:42  SCV  
  27  2:51  Marauder  
  27  2:54  SCV  
  28  3:06  SCV  
  28  3:11  Supply Depot  
  31  3:12  Marauder  
  31  3:16  Hellion x2  
  31  3:19  Armory  
  35  3:29  Starport  
  37  3:34  Supply Depot, Marauder  
  37  3:37  SCV, Hellion x2  
  42  3:59  SCV, Hellion x2, Marauder  
  49  4:09  Starport Tech Lab  
  49  4:14  SCV  
  50  4:20  Supply Depot, Marauder  
  52  4:27  Concussive Shells  
  52  4:30  SCV  
  53  4:38  Cloaking Field  
  53  4:41  Banshee  
  53  4:42  Supply Depot  
  56  4:49  Marauder  
  36  5:15  Widow Mine  
  36  5:16  Widow Mine  
  37  5:27  Marine  
  36  5:29  SCV  
  36  5:30  Banshee  
  36  5:33  Command Center  
  40  5:41  SCV  
  41  5:51  Bunker  
  41  5:53  SCV  
  40  6:01  Marauder  
  40  6:02  Widow Mine x2  
  38  6:35  Orbital Command  
  33  7:21  SCV  
Show
View Real Time Build Order
Export as new Build Order

DJDickbutt Zerg - Winner!

Build Orders: Hatch First 

Get SALT Encoding   

  12  0:01  Drone  
  13  0:08  Drone  
  14  0:17  Overlord  
  14  0:35  Drone x3  
  17  0:53  Hatchery  
  16  1:00  Drone x2  
  16  1:02  Extractor  
  17  1:08  Drone  
  18  1:18  Spawning Pool  
  17  1:30  Drone x2  
  19  1:44  Drone  
  20  1:57  Hatchery  
  19  2:07  Zergling x6  
  22  2:11  Queen  
  22  2:15  Metabolic Boost  
  24  2:20  Drone  
  24  2:22  Drone  
  26  2:39  Drone x2  
  26  2:40  Overlord  
  28  2:57  Queen  
  30  2:58  Overlord  
  30  3:03  Drone  
  30  3:04  Drone x3  
  33  3:20  Roach Warren  
  33  3:22  Extractor  
  33  3:23  Zergling x8  
  35  3:31  Overlord  
  35  3:42  Queen  
  35  3:44  Zergling x6  
  38  3:56  Zergling x6  
  41  4:05  Roach x2  
  45  4:13  Overlord  
  45  4:14  Overlord  
  45  4:18  Roach  
  45  4:19  Roach  
  44  4:31  Roach x3  
  48  4:32  Zergling x4  
  50  4:42  Zergling x8  
  54  4:52  Roach x3  
  47  5:09  Zergling x10  
  47  5:10  Zergling x4  
  52  5:21  Drone x2  
  54  5:33  Spore Crawler  
  53  5:38  Spore Crawler  
  52  5:43  Spore Crawler, Drone  
  52  5:44  Drone x7  
  52  5:45  Drone x2  
  56  6:07  Queen  
  56  6:08  Drone  
  56  6:09  Drone x3  
  62  6:14  Spore Crawler  
  44  6:44  Zergling x16  
  50  6:50  Queen  
  52  6:58  Spore Crawler  
  49  7:09  Zergling x10  
  53  7:22  Drone  
  53  7:28  Hatchery  
Tags
 
Add a new tag
Caveats
  • Supply blocks, unpowered buildings, or Contaminate may cause inaccurate times.
  • Supply counts are checked every 10 seconds.